 Dungeon Crawl Stone Soup version 0.29-a0-775-g4d7333d4e2 (webtiles) character file.

Game seed: 15580449977362324534

80 wingedge the Sneak (level 4, 0/16 HPs)
             Began as a Vampire Earth Elementalist on July 1, 2022.
             Slain by a gnoll
             ... wielding a +0 spear
              (10 damage)
             ... on level 3 of the Dungeon.
             The game lasted 00:28:14 (2566 turns).

wingedge the Sneak (Vampire Earth Elementalist)     Turns: 2566, Time: 00:28:15

Health: 0/16       AC:  2    Str:  7    XL:     4   Next: 18%
Magic:  5/7        EV: 12    Int: 17    God:
Gold:   102        SH:  0    Dex: 16    Spells: 5/7 levels left

rFire   . . .      SeeInvis +   a - +0 whip (elec)
rCold   + + .      Faith    .   (no shield)
rNeg    + + +      Spirit   .   j - +0 robe
rPois   ∞          Reflect  .   (no helmet)
rElec   .          Harm     .   (no cloak)
rCorr   .          Rampage  .   (no gloves)
Will    .....                   (no boots)
Stlth   +++++.....              (no amulet)
HPRegen 0.00/turn               (no ring)
MPRegen 0.10/turn               (no ring)

@: bloodless, inhibited regen
A: bloodless, fangs 3, see invisible, vampiric 2, [frail 3]
a: Bat Form, Revivify


You were on level 3 of the Dungeon.
You visited 1 branch of the dungeon, and saw 3 of its levels.

You collected 141 gold pieces.
You spent 39 gold pieces at shops.

Inventory:

Hand Weapons
 a - a +0 whip of electrocution (weapon)
 b - a +3 short sword
 p - a +0 sling
Missiles
 q - 3 boomerangs
Armour
 j - a +0 robe (worn)
 l - a +0 ring mail
 r - a +0 leather armour
Scrolls
 c - a scroll of amnesia {unknown}
 d - 2 scrolls of noise {unknown}
 e - 2 scrolls of identify {unknown}
 h - a scroll of poison {unknown}
 i - a scroll of blinking {unknown}
 n - a scroll of enchant armour {unknown}
Potions
 f - a potion of magic
 g - 2 potions of curing
 k - a potion of might {unknown}
 m - 2 potions of ambrosia {unknown}
 o - 2 potions of mutation {unknown}


   Skills:
 * Level 1.2 Fighting
 + Level 1.0 Short Blades
 - Level 2.1 Dodging
 + Level 3.6 Stealth
 + Level 2.3 Spellcasting
 + Level 1.3 Hexes
 + Level 2.2 Summonings
 - Level 1.1 Transmutations
 - Level 3.0 Earth Magic


You had 5 spell levels left.
You knew the following spells:

 Your Spells              Type           Power      Damage    Failure   Level
a - Sandblast             Erth           24%        2d8       5%          1
b - Summon Small Mammal   Summ           36%        N/A       8%          1

Your spell library contained the following spells:

 Spells                   Type           Power      Damage    Failure   Level
 Passwall                 Tmut/Erth      7%         N/A       12%         2
 Call Canine Familiar     Summ           9%         N/A       22%         3
 Summon Guardian Golem    Hex/Summ       8%         N/A       26%         3
 Static Discharge         Conj/Air       2%         3-4/arc   28%         2
 Stone Arrow              Conj/Erth      14%        3d7       30%         3
 Confusing Touch          Hex            6%         N/A       32%         3
 Petrify                  Tmut/Erth      9%         N/A       63%         4
 Yara's Violent Unravell  Hex/Tmut       3%         3d4       97%         5
 Lightning Bolt           Conj/Air       1%         1d12      99%         5
 Enfeeble                 Hex            3%         N/A       100%        7
 Maxwell's Capacitive Co  Air            1%         ∞         100%        8


Dungeon Overview and Level Annotations

Branches:
Dungeon (3/15)

Altars:

Shops:
D:3 =!


Innate Abilities, Weirdness & Mutations

You do not regenerate when monsters are visible.
You are frail without blood (-20% HP).
You can heal yourself when you bite living creatures.
You are immune to poison.
You have razor-sharp teeth.
You have supernaturally acute eyesight. (SInv)
You are afflicted with vampirism and can become a bat while bloodless.
[You are extremely frail. (-30% HP)]


Message History

You hit the adder.
The adder is moderately wounded.
The adder bites you.
You barely miss the adder.
The adder is moderately wounded.
The adder bites you. x2
* * * LOW HITPOINT WARNING * * *
You feel better. The adder bites you.
You hit the adder.
The adder is heavily wounded.
The adder bites you. The adder bites you but does no damage.
You hit the adder but do no damage.
The adder is heavily wounded.
The adder closely misses you.
You hit the adder. Lightning courses through the adder!
You kill the adder!
You now have 102 gold pieces (gained 14).
Items here: )) [[ †.
r - a +0 leather armour You start resting.
A gnoll comes into view. It is wielding a +0 spear.
Casting: Sandblast (safe; 5% risk of failure)
Confirm with . or Enter, or press ? or * to list all spells.
Aiming: Sandblast (safe; 5% risk of failure)
Press: ? - help, Shift-Dir - straight line, f - gnoll
Aim: a gnoll, wielding a +0 spear (wandering, hasn't noticed you, 82% to hit)
The blast of sand hits the gnoll!
The gnoll is heavily wounded.
The gnoll shouts!
Casting: Sandblast (safe; 5% risk of failure)
Confirm with . or Enter, or press ? or * to list all spells.
Aiming: Sandblast (safe; 5% risk of failure)
Press: ? - help, Shift-Dir - straight line, f/p - gnoll
Aim: a gnoll, wielding a +0 spear (heavily wounded, 82% to hit)
The blast of sand hits the gnoll but does no damage.
The gnoll is heavily wounded.
The gnoll barely misses you.
The gnoll hits you from afar with a +0 spear!
Ouch! That really hurt!
You die...

#.# #.# #### #)#
.....###########.#
o.........>......######
.....#.###.####......#
##. #.# #.# #.####.#
#)# #.# #.# #.# #@# #∩#
#.# #.# #.###.# #.# #.#
#g#...# #.####.#
#.#.#.# #......#
#.......#...# ########
#.########.## #.# #.#
#.#


You could see a gnoll.

Vanquished Creatures
  Jessica (D:2)
  An adder (D:3)
  A dart slug (D:2)
  4 orcs (D:3)
  2 bats
  3 endoplasms
  4 giant cockroaches (D:1)
  A goblin (D:3)
  A hobgoblin (D:1)
  3 quokkas
  3 ball pythons
  A frilled lizard (D:1)
  4 kobolds
  3 rats
32 creatures vanquished.

Vanquished Creatures (collateral kills)
  A dart slug (D:2)
  An orc (D:3)
  A goblin (D:2)
  A rat (D:2)
4 creatures vanquished.

Vanquished Creatures (others)
  A plant (D:3)
1 creature vanquished.

Grand Total: 37 creatures vanquished

Notes
Turn   | Place    | Note
-------+----------+-------------------------------------------
     0 | D:1      | wingedge the Vampire Earth Elementalist began the quest for
                  | the Orb.
     0 | D:1      | Reached XP level 1. HP: 13/13 MP: 3/3
    43 | D:1      | Learned a level 1 spell: Summon Small Mammal
   215 | D:1      | Reached skill level 1 in Summonings
   400 | D:1      | Reached XP level 2. HP: 10/13 MP: 0/5
  1704 | D:2      | Noticed Jessica
  1744 | D:2      | Killed Jessica
  1745 | D:2      | Reached skill level 1 in Fighting
  1745 | D:2      | Gained mutation: You are afflicted with vampirism and can
                  | become a bat while bloodless. [Vampire growth]
  1745 | D:2      | Reached XP level 3. HP: 15/15 MP: 1/6
  1894 | D:2      | Reached skill level 1 in Hexes
  2289 | D:3      | Found Xautih Sovve's Distillery.
  2352 | D:3      | Bought a potion of curing for 39 gold pieces
  2465 | D:3      | Found Qod Oral's Jewellery Emporium.
  2509 | D:3      | Reached XP level 4. HP: 13/16 MP: 1/7
  2512 | D:3      | Reached skill level 1 in Short Blades
  2566 | D:3      | Slain by a gnoll

Illustrated notes

Levels and vault maps discovered:
D:1:      psy_arrival_statuary, layout_loops_cross
D:2:      layout_basic, uniq_jessica
D:3:      layout_loops_ring, serial_shops, shop, shop, guppyfry_early_lair_pool

Skill      XL: |  1  2  3  4 |
---------------+-------------+-----
Summonings     | 1 2 |  2.2
Fighting       | 1 |  1.2
Hexes          | 1 |  1.3
Short Blades   | 1 |  1.0
Dodging        | |  2.1
Stealth        | |  3.6
Spellcasting   | |  2.3
Transmutations | |  1.1
Earth Magic    | |  3.0

Action                   |  1- 3 |  4- 6 || total
-------------------------+-------+-------++-------
Melee: Unarmed           |     4 |       ||     4
       Bite              |     5 |       ||     5
       Whip              |    14 |     8 ||    22
       Short sword       |    11 |       ||    11
 Cast: Sandblast         |    33 |     2 ||    35
       Summon Small Mamm |    33 |       ||    33
 Abil: Exsanguinate      |     5 |       ||     5
       Revivify          |     4 |       ||     4
  Use: Potion            |     1 |     1 ||     2
 Stab: Sleeping          |     6 |       ||     6
Armor: Robe              |     5 |     1 ||     6
Dodge: Dodged            |    28 |     3 ||    31

Table legend: (Time is in decaauts)
 A = Elapsed time spent in this place.
 B = Non-inter-level travel time spent in this place.
 C = Inter-level travel time spent in this place.
 D = Time resting spent in this place.
 E = Time spent auto-exploring this place.
 F = Levels seen in this place.
 G = Mean time per level.
                   A        B        C        D        E       F      G
               +--------+--------+--------+--------+--------+-----+--------+
         Total |   2600 |   2527 |     73 |    910 |    401 |   3 |  866.7 |
       Dungeon |   2600 |   2527 |     73 |    910 |    401 |   3 |  866.7 |
               +--------+--------+--------+--------+--------+-----+--------+

Top non-repeatable levels by time:
     D:1: 1182 daAuts
     D:2: 991 daAuts
     D:3: 427 daAuts
